 Dungeon Crawl Stone Soup version 0.28.0-53-g5a82cb258f (webtiles) character file.

Game seed: 2691758820293102485

1873 sanboga the Grappler (level 8, 0/121 HPs)
             Began as a Troll Berserker on Aug 12, 2022.
             Was a High Priest of Trog.
             Succumbed to a killer bee's poison
             ... on level 7 of the Dungeon.
             The game lasted 00:06:05 (5306 turns).

sanboga the Grappler (Troll Berserker)              Turns: 5306, Time: 00:06:06

Health: 0/121      AC:  4    Str: 28    XL:     8   Next: 91%
Magic:  7/7        EV: 11    Int:  3    God:    Trog [*****.]
Gold:   376        SH:  0    Dex:  9    Spells: 7/7 levels left

rFire   . . .      SeeInvis .     - Unarmed
rCold   . . .      Faith    .   (no shield)
rNeg    + . .      Spirit   .   a - +0 animal skin
rPois   .          Reflect  .   m - +0 hat
rElec   .          Harm     .   (no cloak)
rCorr   +          Rampage  .   (gloves unavailable)
Will    .....                   (boots unavailable)
Stlth   ..........              (no amulet)
HPRegen 1.10/turn               n - ring of positive energy
MPRegen 0.10/turn               w - ring of resist corrosion

@: berserking, lethally poisoned (0 -> -29), very quick
A: large, unfitting armour, claws 3, regeneration 1, shaggy fur 1, tough skin 1
a: Renounce Religion, Berserk, Trog's Hand, Brothers in Arms


You were on level 7 of the Dungeon.
You worshipped Trog.
Trog was extremely pleased with you.
You visited 1 branch of the dungeon, and saw 7 of its levels.
You also visited: Sewer.

You collected 376 gold pieces.

Inventory:

Hand Weapons
 i - a +2 war axe of flaming
Armour
 a - a +0 animal skin (worn)
 m - a +0 hat (worn)
Jewellery
 n - a ring of positive energy (left claw)
 w - a ring of resist corrosion (right claw)
Wands
 k - a wand of polymorph (5)
 p - a wand of acid (9)
Scrolls
 e - 2 scrolls of teleportation
 g - 3 scrolls of fog
 r - a scroll of magic mapping {unknown}
 s - a scroll of summoning {unknown}
Potions
 b - 2 potions of degeneration {unknown}
 c - 3 potions of might {unknown}
 d - 7 potions of curing {unknown}
 h - a potion of resistance
 j - 3 potions of haste {unknown}
 l - a potion of heal wounds {unknown}
 o - a potion of flight {unknown}
 q - 3 potions of mutation {unknown}
 t - 3 potions of lignification {unknown}
 u - 4 potions of cancellation {unknown}
 v - 3 potions of invisibility {unknown}


   Skills:
 + Level 5.4 Fighting
 + Level 5.3 Dodging
 * Level 8.8 Unarmed Combat


You had 7 spell levels left.
You didn't know any spells.
Your spell library was empty.

Dungeon Overview and Level Annotations

Branches:
Dungeon (7/15)             Temple (0/1) D:5           Sewer (visited)

Altars:
Ashenzari
Kikubaaqudgha
Makhleb
Ru
Vehumet


Innate Abilities, Weirdness & Mutations

You are too large for most types of armour.
You have claws for hands.
Your natural rate of healing is unusually fast.
You are covered in fur. (AC +1)
You have tough skin. (AC +1)


Message History

You feel very sick.
The killer bee stings you! x2; The killer bee stings you.
The killer bee barely misses you.
You are too injured to fight recklessly!
You are too injured to fight recklessly!
A red film seems to cover your vision as you go berserk!
You feel yourself moving faster!
You feel mighty!
You feel very sick. The killer bee barely misses you.
The killer bee stings you!
* * * LOW HITPOINT WARNING * * *
The killer bee misses you. The killer bee barely misses you.
The killer bee closely misses you. The killer bee barely misses you.
You closely miss the killer bee.
The killer bee is severely wounded.
You feel sick. The killer bee stings you.
* * * LOW HITPOINT WARNING * * *
The killer bee stings you.
* * * LOW HITPOINT WARNING * * *
You are more poisoned.
The killer bee poisons you! The killer bee stings you.
* * * LOW HITPOINT WARNING * * *
You are more poisoned.
The killer bee poisons you!
You miss the killer bee.
The killer bee is severely wounded.
You feel very sick. The killer bee stings you.
* * * LOW HITPOINT WARNING * * *
You are lethally poisoned!
The killer bee poisons you! The killer bee barely misses you.
The killer bee stings you.
* * * LOW HITPOINT WARNING * * *
The killer bee stings you.
* * * LOW HITPOINT WARNING * * *
You are more poisoned.
The killer bee poisons you! The killer bee stings you!
* * * LOW HITPOINT WARNING * * *
You closely miss the killer bee.
The killer bee is severely wounded.
You die...

.#....###≈#
....##.#............ .#....# #
.....###............ ....###
###...##............. .....
.....#..#>.......... ....## .#
###...#..#.......#### #≈
#.....#..#.......#.##
≈###........###.........
.............###..####..
$.....y@......##.## #..
.##...yy.......#.# ##. ...
##.......##..#.## #.. ...
###.#........#...## ### ...
#..........#.#....# ##. ..
##...!........###.###.. #.
#...........#..##.##..#
##.##...........#.........#
.###......####....###....##...


You could see 3 killer bees.

Vanquished Creatures
  An orc warrior (D:6)
  3 black bears
  An ice beast (D:3)
  A centaur (D:5)
  3 kobold brigands (Sewer)
  A scorpion (D:5)
  A bullfrog (D:6)
  A wyvern skeleton (D:6)
  A water moccasin skeleton (D:5)
  A howler monkey (D:4)
  A centaur zombie (D:5)
  2 hounds
  2 bullfrog zombies
  2 bullfrog skeletons (D:5)
  2 orc priests (D:6)
  A gnoll shaman (D:5)
  A statue (D:5)
  A hound skeleton (D:4)
  Robin (D:3)
  A howler monkey zombie (D:6)
  19 gnolls
  3 river rats (Sewer)
  15 adders
  A howler monkey skeleton (D:5)
  A white imp (D:5)
  2 dart slugs
  3 worms
  7 orcs (D:6)
  4 endoplasms
  6 giant cockroaches
  15 goblins
  10 hobgoblins
  3 jackals (D:3)
  23 kobolds
  2 quokkas (D:1)
  10 ball pythons
  5 bats
  3 frilled lizards
  32 rats
192 creatures vanquished.

Notes
Turn   | Place    | Note
-------+----------+-------------------------------------------
     0 | D:1      | sanboga the Troll Berserker began the quest for the Orb.
     0 | D:1      | Reached XP level 1. HP: 22/22 MP: 0/0
   133 | D:1      | Reached XP level 2. HP: 29/29 MP: 1/1
   476 | D:1      | Reached ** piety under Trog
   477 | D:1      | Reached XP level 3. HP: 25/36 MP: 2/2
   541 | D:1      | Found a faded altar of an unknown god.
  1130 | D:2      | Reached skill level 4 in Unarmed Combat
  1245 | D:2      | Reached XP level 4. HP: 44/44 MP: 3/3
  1780 | D:3      | Found an ancient bone altar of Kikubaaqudgha.
  1880 | D:3      | Noticed Robin
  1898 | D:3      | Reached XP level 5. HP: 41/53 MP: 4/4
  1898 | D:3      | Killed Robin
  2066 | D:3      | Found a broken altar of Ashenzari.
  2137 | D:3      | Noticed an ice beast
  2147 | D:3      | Killed an ice beast
  2148 | D:3      | Reached skill level 5 in Unarmed Combat
  2182 | D:3      | Found a sacrificial altar of Ru.
  2648 | D:3      | Reached XP level 6. HP: 55/61 MP: 5/5
  2648 | D:3      | Reached *** piety under Trog
  2838 | D:4      | Reached skill level 6 in Unarmed Combat
  2838 | D:4      | Reached XP level 7. HP: 68/68 MP: 6/6
  3209 | D:5      | Entered Level 5 of the Dungeon
  3344 | D:5      | Reached skill level 7 in Unarmed Combat
  3398 | D:5      | Reached XP level 8. HP: 54/79 MP: 7/7
  3457 | D:5      | You fall into a shaft and drop 2 floors!
  3688 | D:6      | Found a glowing drain.
  3699 | Sewer    | Entered a sewer
  3722 | Sewer    | Reached **** piety under Trog
  3934 | Sewer    | Reached skill level 5 in Fighting
  3934 | Sewer    | Reached skill level 5 in Dodging
  3934 | Sewer    | Reached skill level 8 in Unarmed Combat
  4340 | D:5      | Found a radiant altar of Vehumet.
  4426 | D:5      | Reached ***** piety under Trog
  4453 | D:5      | Found a staircase to the Ecumenical Temple.
  4471 | D:5      | Found a burning altar of Makhleb.
  5305 | D:7      | HP: 6/121 [killer bee (7)]
  5306 | D:7      | Succumbed to a killer bee's poison

Illustrated notes

Levels and vault maps discovered:
D:1:      minmay_arrival_jagged, layout_basic,
          hellmonk_ecumenical_altar_inner_sanctum
D:2:      layout_basic, serial_bayou_pond_c
D:3:      layout_basic, overflow_temple_1_default,
          lemuel_coloured_pillars_altar, kiku_gazebo_pond_becter, uniq_robin
D:4:      layout_loops_ring
D:5:      layout_rooms, vehumet_statue, amcnicky_altar_gilded,
          minmay_temple_entry_enclosed_plants
D:6:      layout_loops_ring, portal_sewer_entry_d, kennysheep_cross_bottleneck
D:7:      layout_cave_pools, grunt_decor_cap, kennysheep_generic_room_9

Skill      XL: |  1  2  3  4  5  6  7  8 |
---------------+-------------------------+-----
Unarmed Combat | 4 5 6 7 8 |  8.8
Fighting       | 3 4 5 |  5.4
Dodging        | 3 4 5 |  5.3

Action                   |  1- 3 |  4- 6 |  7- 9 || total
-------------------------+-------+-------+-------++-------
Melee: Unarmed           |   103 |   118 |   275 ||   496
       Punch             |     3 |     1 |     6 ||    10
Invok: Berserk           |       |     2 |     3 ||     5
  Use: Scroll            |       |       |    10 ||    10
 Stab: Sleeping          |       |     1 |       ||     1
Armor: Animal skin       |    25 |    33 |   104 ||   162
Dodge: Dodged            |    50 |    64 |   177 ||   291
